[Event "ARM-ch Club 2018"]
[Site "Yerevan"]
[Date "2018.06.11"]
[Round "4"]
[White "Gharibyan, Mamikon"]
[Black "Vardanyan, Aram"]
[Result "1/2-1/2"]
[ECO "D85"]
[WhiteElo "2275"]
[BlackElo "1866"]
[Annotator "ChessBase"]
[PlyCount "129"]
[EventDate "2018.??.??"]
[EventCountry "ARM"]
[SourceTitle "playchess.com"]
[Source "ChessBase"]
[SourceQuality "1"]
[TimeControl "5400+30"]

1. d4 Nf6 2. c4 g6 3. Nc3 d5 4. cxd5 Nxd5 5. e4 Nxc3 6. bxc3 Bg7 7. Be3 c5 8. Rc1 O-O 9. Nf3 b6 10. h3 Bb7 11. Bd3 Nd7 12. O-O e6 13. Qe2 Qe7 14. e5 Rac8 15. Ng5 h6 16. Ne4 c4 17. Bb1 Bxe4 18. Bxe4 b5 19. Rb1 Rb8 20. Bc6 a6 21. a4 bxa4 22. Qxc4 Nb6 23. Qxa6 Qc7 24. Be4 Nc4 25. Bf4 a3 26. h4 Na5 27. c4 Rxb1 28. Rxb1 a2 29. Ra1 Nb3 30. Rxa2 Nxd4 31. Rd2 Bxe5 32. Bxh6 Rc8 33. g3 Qxc4 34. Qxc4 Rxc4 35. Bg5 Kg7 36. Kg2 Bf6 37. Bf4 Nb3 38. Re2 Nc5 39. Rc2 Rxe4 40. Rxc5 Bxh4 41. Kf3 Be7 42. Rc7 Rxf4+ 43. gxf4 Bf6 44. Ke4 Bb2 45. Rb7 Bf6 46. Kd3 Bh4 47. f3 Bg3 48. Ke3 Bh4 49. Rc7 Bd8 50. Rd7 Bf6 51. Ke4 Bh4 52. Ra7 Bf6 53. Rb7 Bh4 54. Ke5 Bg3 55. Kd6 Kf6 56. Kd7 Kf5 57. Ke7 Kxf4 58. Kxf7 Kxf3 59. Kxe6 Bf4 60. Kf6 g5 61. Kf5 Be3 62. Rb4 Bd2 63. Rg4 Bf4 64. Rxg5 Bxg5 65. Kxg5 1/2-1/2

[Event "ARM-ch Club 2018"]
[Site "Yerevan"]
[Date "2018.06.11"]
[Round "4"]
[White "Khachatryan, Anna"]
[Black "Davtyan, Artur"]
[Result "0-1"]
[ECO "A05"]
[WhiteElo "1955"]
[BlackElo "2349"]
[Annotator "ChessBase"]
[PlyCount "128"]
[EventDate "2018.??.??"]
[EventCountry "ARM"]
[SourceTitle "playchess.com"]
[Source "ChessBase"]
[SourceQuality "1"]
[TimeControl "5400+30"]

1. Nf3 Nf6 2. g3 d5 3. Bg2 e6 4. O-O Be7 5. d3 b5 6. Nbd2 Bb7 7. Re1 h6 8. e4 c5 9. e5 Nfd7 10. Nf1 Nc6 11. h4 b4 12. Bf4 g5 13. hxg5 hxg5 14. Bd2 g4 15. N3h2 Ndxe5 16. Nxg4 Nxg4 17. Qxg4 Bf6 18. Rab1 Ne5 19. Qe2 Qd7 20. d4 cxd4 21. Bxb4 Rc8 22. b3 Qc6 23. Qd2 Ng6 24. Rbc1 Kd7 25. Qd3 Ne5 26. Qd2 Ng6 27. Qd3 Bg7 28. Qf3 f5 29. a4 Bf6 30. Qd1 Qb6 31. Qd2 Ne5 32. Ba5 Qa6 33. Bb4 Ng4 34. Qf4 Qb6 35. Bd2 Rcg8 36. Qf3 Ne5 37. Qd1 Ng4 38. Qf3 Rc8 39. Qf4 Qd6 40. Qf3 Ne5 41. Qd1 Qb6 42. Bf4 Ng6 43. Bd2 Ne5 44. Bf4 Ng4 45. Qf3 Rc3 46. Qe2 Ba6 47. Qd2 Qc5 48. Bg5 Bg7 49. Qf4 Rf8 50. Nh2 e5 51. Qd2 Nxh2 52. Kxh2 Rh8+ 53. Kg1 Qc6 54. Bh1 Qg6 55. Bxd5 Qh5 56. Bh4 Bh6 57. f4 Bxf4 58. Qd1 Bxc1 59. Qxc1 Qg4 60. Bg2 Rxg3 61. Bxg3 Qxg3 62. Qd2 Qh2+ 63. Kf2 Rg8 64. Rg1 Qg3# 0-1